[ AOE2 MATCH · #483330903 ]
UnrankedSaracens vs Aztecs
[ REPLAY ANALYSIS · EXTRACTED FROM THE RECORDED GAME ]
Feudal
12:12
Castle
20:12
Imperial
37:35
| APM avg | 21.0 |
| APM peak | 48 |
| eAPM avg | 12.8 |
| Villagers / military | 86 / 230 |
Focus
⚔️ 43.8% · 🌾 56.2%
Archer ×220 · Trade Cart ×7 · Bombard Cannon ×7 · Trebuchet (Packed) ×2 · Monk ×1
Feudal
11:44
Castle
22:34
Imperial
35:56
| APM avg | 16.8 |
| APM peak | 49 |
| eAPM avg | 10.9 |
| Villagers / military | 110 / 357 |
Focus
⚔️ 30.1% · 🌾 69.9%
Spearman ×230 · Jaguar Warrior ×118 · Trade Cart ×15 · Mangonel ×9
Feudal
11:27
Castle
23:52
Imperial
39:54
| APM avg | 38.8 |
| APM peak | 105 |
| eAPM avg | 15.5 |
| Villagers / military | 85 / 48 |
Focus
⚔️ 27.3% · 🌾 72.7%
Ballista Elephant ×25 · Battle Elephant ×16 · Trebuchet (Packed) ×4 · Scout Cavalry ×3
Feudal
11:55
Castle
22:17
Imperial
36:46
| APM avg | 30.0 |
| APM peak | 138 |
| eAPM avg | 28.3 |
| Villagers / military | 99 / 134 |
Focus
⚔️ 7.3% · 🌾 92.7%
Militia ×38 · Spearman ×38 · Skirmisher ×34 · Scorpion ×23 · Trebuchet (Packed) ×1
Feudal
11:55
Castle
18:39
Imperial
38:20
| APM avg | 17.8 |
| APM peak | 44 |
| eAPM avg | 15.9 |
| Villagers / military | 173 / 724 |
Focus
⚔️ 49.9% · 🌾 50.1%
Skirmisher ×437 · Scout Cavalry ×127 · Knight ×111 · Spearman ×27 · Battering Ram ×10 · Cavalry Archer ×8
Feudal
10:30
Castle
20:06
Imperial
36:56
| APM avg | 18.9 |
| APM peak | 127 |
| eAPM avg | 10.4 |
| Villagers / military | 119 / 123 |
Focus
⚔️ 35.1% · 🌾 64.9%
Knight ×94 · Throwing Axeman ×24 · Trade Cart ×11 · Mangonel ×3 · Trebuchet (Packed) ×2
Feudal
10:58
Castle
16:50
Imperial
40:38
| APM avg | 20.9 |
| APM peak | 51 |
| eAPM avg | 12.7 |
| Villagers / military | 96 / 339 |
Focus
⚔️ 37.1% · 🌾 62.9%
Skirmisher ×171 · Spearman ×81 · Mangudai ×38 · Cavalry Archer ×23 · Scout Cavalry ×10 · Scorpion ×5
Feudal
13:08
Castle
21:13
Imperial
41:45
| APM avg | 15.2 |
| APM peak | 55 |
| eAPM avg | 13.3 |
| Villagers / military | 93 / 99 |
Focus
⚔️ 50.9% · 🌾 49.1%
Unknown (1952) ×102 · Skirmisher ×91 · Unknown (1949) ×87 · Unknown (1942) ×25 · Trade Cart ×8 · Monk ×4
Match map
Initial resources + every placement click. Lines = walls · curves = elevation contours. ◆ gold · ⬟ stone · ● berries · ✦ relic · ◌ wall gap
Your base· ✓ Closed at 20:12 · 0t walls · 2 gate(s)
Chopipo's base· ✓ Closed at 22:34 · 18t walls · 2 gate(s)
Pato's base· ✓ Closed at 23:52 · 114t walls · 2 gate(s)
M3TAL JUNKI3xXx's base· ✓ Closed at 22:17 · 49t walls · 3 gate(s)
Arianna Ishikawa's base· ✓ Closed at 18:39 · 0t walls · 1 gate(s)
Frank's base· ✓ Closed at 20:06 · 39t walls · 1 gate(s)
Tony Tormenta's base· ✓ Closed at 16:50 · 12t walls · 1 gate(s)
KINGPOWER's base· ✓ Closed at 21:13 · 1t walls · 1 gate(s)
Smoothed initial terrain · ◌ = detected wall gap · hover for details
Inputs per minute
— M4PUCH3 - - Chopipo
Build order — M4PUCH3
First 150 of 449 actions detected
| 0:01 | Create | Villager (Male) |
| 0:02 | Build | House |
| 0:04 | Build | House |
| 0:24 | Create | Villager (Male) |
| 0:25 | Create | Villager (Male) |
| 0:25 | Create | Villager (Male) |
| 1:33 | Create | Villager (Male) |
| 2:16 | Build | Lumber Camp |
| 2:19 | Create | Villager (Male) |
| 2:54 | Create | Villager (Male) |
| 3:15 | Build | House |
| 3:17 | Create | Villager (Male) |
| 3:42 | Create | Villager (Male) |
| 3:51 | Build | House |
| 4:04 | Build | Palisade Gate |
| 4:17 | Create | Villager (Male) |
| 4:18 | Create | Villager (Male) |
| 4:51 | Create | Villager (Male) |
| 4:52 | Create | Villager (Male) |
| 4:52 | Create | Villager (Male) |
| 5:06 | Build | House |
| 5:07 | Build | House |
| 5:10 | Build | House |
| 5:42 | Create | Villager (Male) |
| 5:54 | Build | Mill |
| 6:14 | Create | Villager (Male) |
| 6:14 | Create | Villager (Male) |
| 6:50 | Build | House |
| 7:06 | Create | Villager (Male) |
| 7:19 | Build | House |
| 7:25 | Build | House |
| 7:32 | Create | Villager (Male) |
| 7:33 | Create | Villager (Male) |
| 7:34 | Create | Villager (Male) |
| 7:34 | Create | Villager (Male) |
| 7:42 | Create | Villager (Male) |
| 7:59 | Create | Villager (Male) |
| 8:17 | Create | Villager (Male) |
| 8:22 | Create | Villager (Male) |
| 8:22 | Create | Villager (Male) |
| 8:27 | Build | House |
| 9:06 | Build | Barracks |
| 9:34 | Create | Villager (Male) |
| 9:59 | Research | Feudal Age |
| 10:24 | Build | House |
| 10:27 | Build | House |
| 10:33 | Create | Villager (Male) |
| 11:13 | Build | House |
| 12:06 | Build | Mining Camp |
| 12:12 | Age | Feudal Age |
| 12:29 | Build | Mining Camp |
| 12:39 | Build | Lumber Camp |
| 12:43 | Build | Farm |
| 12:46 | Research | Double-Bit Axe |
| 12:48 | Research | Horse Collar |
| 12:49 | Create | Villager (Male) |
| 12:54 | Create | Villager (Male) |
| 13:44 | Build | Farm |
| 13:47 | Create | Villager (Male) |
| 13:52 | Create | Villager (Male) |
| 14:13 | Build | Archery Range |
| 14:17 | Build | Farm |
| 14:18 | Create | Villager (Male) |
| 14:19 | Create | Villager (Male) |
| 14:19 | Create | Villager (Male) |
| 14:49 | Create | Villager (Male) |
| 15:07 | Build | Farm |
| 15:24 | Build | Market |
| 15:33 | Build | Farm |
| 15:35 | Build | Farm |
| 15:36 | Build | Farm |
| 15:37 | Build | Farm |
| 15:51 | Build | Blacksmith |
| 15:54 | Build | House |
| 15:56 | Build | House |
| 16:04 | Build | Farm |
| 16:08 | Research | Loom |
| 16:14 | Create | Villager (Male) |
| 16:23 | Build | Farm |
| 16:32 | Build | Farm |
| 16:35 | Build | Farm |
| 17:14 | Build | Farm |
| 17:32 | Research | Castle Age |
| 17:48 | Build | Gate |
| 18:35 | Research | Gold Mining |
| 18:46 | Research | Fletching |
| 19:05 | Build | Archery Range |
| 19:14 | Create | Archer |
| 19:29 | Research | Padded Archer Armor |
| 19:39 | Create | Archer |
| 20:02 | Research | Stone Mining |
| 20:12 | Age | Castle Age |
| 20:13 | Create | Archer |
| 20:17 | Research | Crossbowman (upgrade) |
| 20:19 | Create | Villager (Male) |
| 20:31 | Research | Bow Saw |
| 20:37 | Research | Heavy Plow |
| 20:49 | Create | Archer |
| 20:52 | Create | Archer |
| 20:59 | Create | Villager (Male) |
| 21:11 | Create | Villager (Male) |
| 21:31 | Build | Town Center |
| 21:39 | Create | Villager (Male) |
| 21:43 | Create | Archer |
| 21:44 | Create | Archer |
| 22:04 | Create | Villager (Male) |
| 22:08 | Create | Archer |
| 22:08 | Create | Archer |
| 22:14 | Research | Bodkin Arrow |
| 22:21 | Build | Farm |
| 22:35 | Build | Farm |
| 22:37 | Build | Farm |
| 22:44 | Build | Farm |
| 22:46 | Create | Villager (Male) |
| 22:56 | Create | Villager (Male) |
| 22:58 | Create | Villager (Male) |
| 23:22 | Create | Villager (Male) |
| 23:23 | Create | Villager (Male) |
| 23:25 | Create | Villager (Male) |
| 23:36 | Build | Farm |
| 23:48 | Build | Farm |
| 23:51 | Build | Farm |
| 23:54 | Create | Villager (Male) |
| 23:54 | Create | Villager (Male) |
| 23:56 | Create | Archer |
| 23:56 | Create | Archer |
| 24:04 | Create | Archer |
| 24:05 | Create | Archer |
| 24:23 | Create | Archer |
| 24:24 | Create | Archer |
| 24:27 | Create | Villager (Male) |
| 24:27 | Create | Villager (Male) |
| 24:31 | Research | Wheelbarrow |
| 24:50 | Create | Villager (Male) |
| 24:51 | Create | Villager (Male) |
| 25:21 | Create | Archer |
| 25:22 | Create | Archer |
| 25:22 | Create | Villager (Male) |
| 25:36 | Create | Villager (Male) |
| 25:40 | Create | Villager (Male) |
| 25:44 | Research | Leather Archer Armor |
| 26:31 | Create | Archer |
| 26:31 | Create | Archer |
| 27:14 | Create | Archer |
| 27:14 | Create | Archer |
| 27:15 | Create | Villager (Male) |
| 27:15 | Create | Villager (Male) |
| 27:37 | Create | Archer |
| 27:37 | Create | Archer |
| 27:39 | Create | Villager (Male) |
Build order — Chopipo
First 150 of 331 actions detected
| 0:02 | Create | Villager (Male) |
| 0:02 | Create | Villager (Male) |
| 0:03 | Create | Villager (Male) |
| 0:04 | Build | House |
| 0:07 | Build | House |
| 0:37 | Create | Villager (Male) |
| 0:38 | Create | Villager (Male) |
| 0:38 | Create | Villager (Male) |
| 0:38 | Create | Villager (Male) |
| 1:23 | Create | Villager (Male) |
| 1:23 | Create | Villager (Male) |
| 1:23 | Create | Villager (Male) |
| 2:15 | Create | Villager (Male) |
| 2:15 | Create | Villager (Male) |
| 2:15 | Create | Villager (Male) |
| 2:16 | Create | Villager (Male) |
| 2:16 | Create | Villager (Male) |
| 3:04 | Create | Villager (Male) |
| 3:04 | Create | Villager (Male) |
| 3:04 | Create | Villager (Male) |
| 3:19 | Create | Villager (Male) |
| 3:19 | Create | Villager (Male) |
| 3:51 | Build | House |
| 3:52 | Build | House |
| 4:03 | Create | Villager (Male) |
| 4:03 | Create | Villager (Male) |
| 4:04 | Create | Villager (Male) |
| 4:04 | Create | Villager (Male) |
| 4:04 | Create | Villager (Male) |
| 4:33 | Build | Mill |
| 4:47 | Create | Villager (Male) |
| 4:48 | Create | Villager (Male) |
| 4:48 | Create | Villager (Male) |
| 4:48 | Create | Villager (Male) |
| 5:24 | Create | Villager (Male) |
| 5:24 | Create | Villager (Male) |
| 5:24 | Create | Villager (Male) |
| 5:45 | Build | Lumber Camp |
| 6:24 | Create | Villager (Male) |
| 6:24 | Create | Villager (Male) |
| 6:28 | Create | Villager (Male) |
| 7:30 | Create | Villager (Male) |
| 7:31 | Create | Villager (Male) |
| 8:32 | Create | Villager (Male) |
| 8:33 | Create | Villager (Male) |
| 8:38 | Build | House |
| 8:39 | Build | House |
| 9:34 | Research | Feudal Age |
| 11:25 | Build | Palisade Wall |
| 11:29 | Build | Palisade Gate |
| 11:32 | Build | House |
| 11:35 | Build | House |
| 11:36 | Build | House |
| 11:38 | Build | House |
| 11:44 | Age | Feudal Age |
| 11:47 | Research | Double-Bit Axe |
| 11:49 | Create | Villager (Male) |
| 11:49 | Create | Villager (Male) |
| 11:53 | Research | Horse Collar |
| 12:38 | Create | Villager (Male) |
| 12:38 | Create | Villager (Male) |
| 12:41 | Create | Villager (Male) |
| 13:49 | Create | Villager (Male) |
| 13:50 | Create | Villager (Male) |
| 14:03 | Build | House |
| 14:26 | Build | Mining Camp |
| 14:50 | Build | Lumber Camp |
| 15:05 | Build | Farm |
| 15:05 | Build | Farm |
| 15:06 | Build | Farm |
| 15:06 | Build | Farm |
| 15:07 | Build | Farm |
| 15:08 | Build | Farm |
| 15:09 | Build | Farm |
| 15:09 | Build | Farm |
| 15:11 | Build | Farm |
| 15:12 | Build | Farm |
| 15:16 | Build | Farm |
| 15:28 | Build | Blacksmith |
| 15:34 | Build | Market |
| 15:36 | Build | Lumber Camp |
| 16:03 | Create | Villager (Male) ×5 |
| 16:12 | Research | Stone Mining |
| 16:35 | Build | Lumber Camp |
| 17:24 | Build | Mining Camp |
| 17:30 | Create | Villager (Male) |
| 18:33 | Research | Gold Mining |
| 18:39 | Research | Wheelbarrow |
| 19:38 | Research | Castle Age |
| 20:26 | Research | Scale Mail Armor |
| 20:27 | Research | Forging |
| 21:08 | Build | Gate |
| 21:55 | Build | Stone Wall |
| 22:01 | Build | Stone Wall |
| 22:34 | Age | Castle Age |
| 22:39 | Build | Castle |
| 22:45 | Research | Fletching |
| 22:48 | Create | Villager (Male) ×5 |
| 22:53 | Build | Town Center |
| 23:31 | Build | Barracks |
| 23:34 | Research | Gold Shaft Mining |
| 23:59 | Build | Farm |
| 24:00 | Build | Farm |
| 24:00 | Build | Farm |
| 24:00 | Build | Farm |
| 24:01 | Build | Farm |
| 24:03 | Build | Farm |
| 24:11 | Build | Farm |
| 24:14 | Create | Villager (Male) ×5 |
| 24:18 | Create | Jaguar Warrior ×5 |
| 24:39 | Build | Farm |
| 24:44 | Build | Farm |
| 24:51 | Create | Villager (Male) |
| 24:51 | Create | Villager (Male) |
| 25:09 | Research | Squires |
| 25:31 | Create | Villager (Male) |
| 25:31 | Create | Villager (Male) |
| 25:33 | Build | Farm |
| 25:36 | Build | Farm |
| 25:43 | Create | Villager (Male) |
| 25:43 | Create | Villager (Male) |
| 25:48 | Build | Mill |
| 25:52 | Build | Farm |
| 26:04 | Build | Castle |
| 26:06 | Build | Mining Camp |
| 26:17 | Create | Jaguar Warrior ×5 |
| 26:26 | Build | Farm |
| 26:30 | Create | Villager (Male) |
| 26:30 | Create | Villager (Male) |
| 26:34 | Create | Villager (Male) |
| 26:34 | Create | Villager (Male) |
| 27:01 | Build | Farm |
| 27:04 | Build | Farm |
| 27:08 | Create | Villager (Male) |
| 27:10 | Research | Bow Saw |
| 27:14 | Create | Villager (Male) |
| 27:14 | Create | Villager (Male) |
| 27:32 | Build | University |
| 27:46 | Create | Jaguar Warrior ×4 |
| 28:01 | Research | Heavy Plow |
| 28:03 | Build | Farm |
| 28:06 | Build | Farm |
| 28:36 | Research | Stone Shaft Mining |
| 28:52 | Create | Jaguar Warrior ×5 |
| 29:08 | Build | Mill |
| 29:10 | Build | Farm |
| 29:11 | Build | Farm |
| 29:12 | Build | Farm |
| 29:13 | Build | Farm |
| 29:14 | Build | Farm |
Build order — Pato
First 150 of 270 actions detected
| 0:03 | Build | House |
| 0:04 | Build | House |
| 0:05 | Create | Villager (Male) |
| 0:05 | Create | Villager (Male) |
| 0:06 | Create | Villager (Male) |
| 0:06 | Create | Villager (Male) |
| 0:09 | Build | House |
| 1:55 | Create | Villager (Male) |
| 2:16 | Create | Villager (Male) |
| 2:16 | Create | Villager (Male) |
| 2:43 | Create | Villager (Male) |
| 2:43 | Create | Villager (Male) |
| 3:22 | Create | Villager (Male) |
| 3:22 | Create | Villager (Male) |
| 3:22 | Create | Villager (Male) |
| 3:46 | Build | House |
| 4:29 | Create | Villager (Male) |
| 4:29 | Create | Villager (Male) |
| 4:38 | Build | Lumber Camp |
| 5:22 | Create | Villager (Male) |
| 5:22 | Create | Villager (Male) |
| 5:52 | Create | Villager (Male) |
| 5:53 | Create | Villager (Male) |
| 6:30 | Create | Villager (Male) |
| 6:46 | Build | Palisade Wall |
| 7:13 | Create | Villager (Male) |
| 7:22 | Build | House |
| 7:28 | Create | Villager (Male) |
| 7:57 | Build | Mining Camp |
| 8:03 | Build | Palisade Gate |
| 9:00 | Build | Mill |
| 9:08 | Build | Mill |
| 9:15 | Create | Villager (Male) |
| 9:16 | Research | Feudal Age |
| 9:34 | Build | Palisade Wall |
| 9:39 | Build | Palisade Wall |
| 9:43 | Build | Palisade Wall |
| 9:53 | Build | Palisade Wall |
| 11:16 | Build | Farm |
| 11:17 | Build | Farm |
| 11:19 | Build | Farm |
| 11:24 | Research | Loom |
| 11:27 | Age | Feudal Age |
| 11:51 | Create | Villager (Male) |
| 11:52 | Create | Villager (Male) |
| 12:25 | Build | Stone Wall |
| 12:50 | Build | Stable |
| 12:52 | Build | Stable |
| 13:01 | Create | Villager (Male) |
| 13:01 | Create | Villager (Male) |
| 13:02 | Create | Villager (Male) |
| 13:02 | Create | Villager (Male) |
| 13:34 | Build | Stable |
| 13:42 | Build | Stone Wall |
| 13:54 | Build | Mill |
| 14:00 | Build | House |
| 14:12 | Research | Wheelbarrow |
| 14:18 | Research | Double-Bit Axe |
| 14:18 | Research | Double-Bit Axe |
| 14:46 | Create | Scout Cavalry |
| 14:56 | Create | Villager (Male) |
| 15:18 | Research | Bloodlines |
| 15:33 | Research | Horse Collar |
| 15:48 | Build | Gate |
| 15:52 | Create | Villager (Male) |
| 15:57 | Build | Mining Camp |
| 16:08 | Create | Scout Cavalry |
| 16:41 | Build | Stone Wall |
| 16:43 | Build | Stone Wall |
| 16:55 | Build | Mill |
| 17:40 | Create | Scout Cavalry |
| 17:46 | Build | House |
| 17:50 | Create | Villager (Male) |
| 18:52 | Create | Villager (Male) |
| 19:02 | Build | Farm |
| 19:50 | Create | Villager (Male) |
| 19:58 | Build | Farm |
| 20:00 | Build | Farm |
| 20:05 | Build | Farm |
| 20:06 | Build | Farm |
| 20:09 | Build | Farm |
| 20:57 | Build | Stone Wall |
| 21:12 | Research | Castle Age |
| 22:00 | Build | Stone Wall |
| 22:11 | Build | Farm |
| 22:16 | Build | Farm |
| 22:37 | Build | Lumber Camp |
| 22:41 | Build | Stable |
| 22:43 | Build | Stable |
| 23:29 | Build | Stone Wall |
| 23:42 | Create | Villager (Male) |
| 23:43 | Create | Villager (Male) |
| 23:43 | Create | Villager (Male) |
| 23:45 | Research | Gold Mining |
| 23:47 | Research | Stone Mining |
| 23:52 | Age | Castle Age |
| 23:58 | Create | Battle Elephant ×5 |
| 23:58 | Create | Battle Elephant ×5 |
| 24:51 | Build | House |
| 24:57 | Create | Villager (Male) |
| 24:58 | Create | Villager (Male) |
| 25:07 | Build | Town Center |
| 25:28 | Research | Husbandry |
| 26:15 | Build | House |
| 26:17 | Build | House |
| 26:20 | Create | Villager (Male) |
| 26:20 | Create | Villager (Male) |
| 26:51 | Build | Blacksmith |
| 26:53 | Create | Villager (Male) |
| 26:53 | Create | Villager (Male) |
| 26:53 | Create | Villager (Male) |
| 27:26 | Build | Stone Wall |
| 27:31 | Build | Stone Wall |
| 27:52 | Create | Villager (Male) |
| 27:52 | Create | Villager (Male) |
| 27:53 | Create | Villager (Male) |
| 27:54 | Create | Villager (Male) |
| 27:56 | Create | Villager (Male) |
| 27:57 | Create | Villager (Male) |
| 27:57 | Create | Villager (Male) |
| 28:59 | Create | Villager (Male) |
| 28:59 | Create | Villager (Male) |
| 28:59 | Create | Villager (Male) |
| 29:03 | Research | Gold Shaft Mining |
| 29:07 | Build | Farm |
| 29:08 | Build | Farm |
| 29:08 | Build | Farm |
| 29:08 | Build | Farm |
| 29:32 | Build | Lumber Camp |
| 29:37 | Create | Villager (Male) |
| 29:39 | Research | Hand Cart |
| 29:48 | Build | Farm |
| 29:56 | Create | Battle Elephant |
| 29:57 | Create | Battle Elephant |
| 29:57 | Create | Battle Elephant |
| 30:07 | Create | Battle Elephant |
| 30:08 | Create | Battle Elephant |
| 30:18 | Create | Villager (Male) |
| 30:18 | Create | Villager (Male) |
| 30:26 | Build | Farm |
| 30:27 | Build | Farm |
| 30:29 | Build | Farm |
| 30:40 | Build | House |
| 30:41 | Build | House |
| 31:14 | Create | Villager (Male) |
| 31:24 | Build | Lumber Camp |
| 31:35 | Build | Farm |
| 31:48 | Create | Villager (Male) |
| 31:52 | Create | Villager (Male) |
| 32:01 | Research | Scale Barding Armor |
Build order — M3TAL JUNKI3xXx
First 150 of 438 actions detected
| 0:04 | Research | Loom |
| 0:05 | Create | Villager (Male) ×4 |
| 0:05 | Create | Villager (Male) |
| 0:10 | Build | House |
| 0:11 | Build | House |
| 2:01 | Create | Villager (Male) |
| 2:39 | Create | Villager (Male) |
| 2:51 | Create | Villager (Male) |
| 3:28 | Create | Villager (Male) |
| 3:49 | Create | Villager (Male) |
| 4:12 | Create | Villager (Male) |
| 4:28 | Build | House |
| 4:42 | Build | House |
| 4:47 | Create | Villager (Male) |
| 4:47 | Create | Villager (Male) |
| 4:47 | Create | Villager (Male) |
| 5:17 | Create | Villager (Male) |
| 5:17 | Create | Villager (Male) |
| 6:13 | Build | Mill |
| 6:53 | Build | Lumber Camp |
| 6:55 | Create | Villager (Male) |
| 6:55 | Create | Villager (Male) |
| 7:57 | Create | Villager (Male) |
| 8:18 | Build | Mining Camp |
| 8:21 | Create | Villager (Male) |
| 8:51 | Build | Mining Camp |
| 8:54 | Create | Villager (Male) |
| 9:20 | Create | Villager (Male) |
| 9:37 | Research | Feudal Age |
| 10:15 | Build | House |
| 10:26 | Build | House |
| 11:55 | Age | Feudal Age |
| 11:58 | Research | Town Watch |
| 12:05 | Research | Double-Bit Axe |
| 12:10 | Research | Horse Collar |
| 12:21 | Build | Stone Wall |
| 12:26 | Build | Gate |
| 12:36 | Create | Villager (Male) |
| 12:39 | Create | Villager (Male) |
| 12:39 | Create | Villager (Male) |
| 12:40 | Create | Villager (Male) |
| 12:55 | Build | Market |
| 13:05 | Create | Villager (Male) |
| 13:05 | Create | Villager (Male) |
| 14:27 | Build | Watch Tower |
| 16:25 | Create | Villager (Male) |
| 16:37 | Build | Blacksmith |
| 17:26 | Build | Farm |
| 17:26 | Build | Farm |
| 17:26 | Build | Farm |
| 17:26 | Build | Farm |
| 17:26 | Build | Farm |
| 17:26 | Build | Farm |
| 17:26 | Build | Farm |
| 17:34 | Build | Farm |
| 17:34 | Build | Farm |
| 17:34 | Build | Farm |
| 17:35 | Build | Farm |
| 17:35 | Build | Farm |
| 17:35 | Build | Farm |
| 17:35 | Build | Farm |
| 17:36 | Build | Farm |
| 17:36 | Build | Farm |
| 17:36 | Build | Farm |
| 17:36 | Build | Farm |
| 17:36 | Build | Farm |
| 17:36 | Build | Farm |
| 17:37 | Build | Farm |
| 17:37 | Build | Farm |
| 17:37 | Build | Farm |
| 17:37 | Build | Farm |
| 17:37 | Build | Farm |
| 17:38 | Build | Farm |
| 17:38 | Build | Farm |
| 17:38 | Build | Farm |
| 17:39 | Build | Farm |
| 17:39 | Build | Farm |
| 17:39 | Build | Farm |
| 17:39 | Build | Farm |
| 17:41 | Build | Farm |
| 17:41 | Build | Farm |
| 17:41 | Build | Farm |
| 17:41 | Build | Farm |
| 17:41 | Build | Farm |
| 17:41 | Build | Farm |
| 17:42 | Create | Villager (Male) |
| 17:42 | Build | Farm |
| 17:42 | Build | Farm |
| 17:42 | Build | Farm |
| 17:42 | Build | Farm |
| 17:42 | Build | Farm |
| 17:42 | Build | Farm |
| 17:42 | Build | Farm |
| 17:43 | Build | Farm |
| 17:43 | Build | Farm |
| 17:43 | Build | Farm |
| 17:43 | Build | Farm |
| 17:51 | Build | Farm |
| 17:51 | Build | Farm |
| 17:51 | Build | Farm |
| 17:51 | Build | Farm |
| 17:51 | Build | Farm |
| 17:51 | Build | Farm |
| 17:51 | Build | Farm |
| 17:52 | Build | House |
| 18:07 | Build | Farm |
| 18:07 | Build | Farm |
| 18:07 | Build | Farm |
| 18:07 | Build | Farm |
| 18:07 | Build | Farm |
| 18:07 | Build | Farm |
| 18:07 | Build | Farm |
| 18:19 | Create | Villager (Male) |
| 18:21 | Build | House |
| 18:30 | Build | Farm |
| 18:30 | Build | Farm |
| 18:30 | Build | Farm |
| 18:30 | Build | Farm |
| 18:30 | Build | Farm |
| 18:30 | Build | Farm |
| 18:30 | Build | Farm |
| 18:30 | Build | Farm |
| 18:30 | Build | Farm |
| 18:30 | Build | Farm |
| 18:30 | Build | Farm |
| 18:30 | Build | Farm |
| 18:31 | Build | Farm |
| 18:31 | Build | Farm |
| 18:31 | Build | Farm |
| 18:32 | Build | Farm |
| 18:32 | Build | Farm |
| 18:32 | Build | Farm |
| 18:32 | Build | Farm |
| 18:32 | Build | Farm |
| 18:33 | Build | Barracks |
| 18:34 | Build | Farm |
| 18:34 | Build | Farm |
| 18:34 | Build | Farm |
| 18:34 | Build | Farm |
| 18:34 | Build | Farm |
| 19:37 | Research | Castle Age |
| 20:18 | Build | Farm |
| 20:18 | Build | Farm |
| 20:18 | Build | Farm |
| 20:18 | Build | Farm |
| 20:18 | Build | Farm |
| 20:18 | Build | Farm |
| 20:18 | Build | Farm |
| 20:18 | Build | Farm |
| 20:19 | Build | Farm |
Build order — Arianna Ishikawa
First 150 of 593 actions detected
| 0:02 | Create | Villager (Male) ×4 |
| 0:02 | Create | Villager (Male) ×4 |
| 0:05 | Build | House |
| 0:08 | Build | House |
| 1:26 | Create | Villager (Male) |
| 1:26 | Create | Villager (Male) |
| 2:12 | Create | Villager (Male) |
| 2:12 | Create | Villager (Male) |
| 2:16 | Create | Villager (Male) |
| 2:16 | Create | Villager (Male) |
| 2:59 | Create | Villager (Male) |
| 2:59 | Create | Villager (Male) |
| 3:03 | Create | Villager (Male) |
| 3:09 | Build | Lumber Camp |
| 3:25 | Build | House |
| 3:28 | Build | House |
| 3:38 | Create | Villager (Male) |
| 3:38 | Create | Villager (Male) |
| 3:47 | Build | House |
| 3:51 | Create | Villager (Male) |
| 3:52 | Create | Villager (Male) |
| 4:45 | Create | Villager (Male) |
| 4:56 | Build | Mill |
| 5:09 | Create | Villager (Male) |
| 5:09 | Create | Villager (Male) |
| 5:21 | Create | Villager (Male) |
| 5:57 | Create | Villager (Male) ×2 |
| 5:57 | Create | Villager (Male) ×2 |
| 6:32 | Create | Villager (Male) |
| 6:42 | Build | House |
| 6:44 | Build | House |
| 6:52 | Build | Palisade Gate |
| 7:06 | Build | House |
| 7:12 | Create | Villager (Male) |
| 7:12 | Create | Villager (Male) |
| 7:28 | Create | Villager (Male) |
| 8:03 | Create | Villager (Male) |
| 8:03 | Create | Villager (Male) |
| 8:13 | Create | Villager (Male) |
| 9:02 | Create | Villager (Male) |
| 9:08 | Build | Mining Camp |
| 9:38 | Research | Feudal Age |
| 10:02 | Create | Villager (Male) |
| 10:02 | Create | Villager (Male) |
| 10:25 | Build | House |
| 11:55 | Age | Feudal Age |
| 12:14 | Build | Market |
| 12:27 | Build | Blacksmith |
| 12:31 | Create | Villager (Male) |
| 12:44 | Build | Farm |
| 12:45 | Build | Farm |
| 12:47 | Build | Farm |
| 12:50 | Build | Farm |
| 12:52 | Build | Farm |
| 12:56 | Build | Farm |
| 12:59 | Create | Villager (Male) |
| 13:22 | Build | Farm |
| 13:25 | Build | Farm |
| 13:38 | Create | Villager (Male) |
| 14:08 | Build | Lumber Camp |
| 14:19 | Create | Villager (Male) |
| 14:42 | Create | Villager (Male) |
| 15:03 | Create | Villager (Male) |
| 15:20 | Create | Villager (Male) |
| 15:59 | Research | Castle Age |
| 15:59 | Research | Castle Age |
| 16:14 | Research | Double-Bit Axe |
| 16:34 | Research | Gold Mining |
| 16:59 | Research | Stone Mining |
| 17:45 | Build | Farm |
| 17:48 | Build | Farm |
| 17:50 | Build | Farm |
| 17:56 | Build | Farm |
| 17:57 | Build | Farm |
| 18:00 | Build | Farm |
| 18:08 | Create | Villager (Male) |
| 18:08 | Create | Villager (Male) |
| 18:30 | Build | House |
| 18:33 | Build | House |
| 18:39 | Age | Castle Age |
| 18:55 | Build | Town Center |
| 19:17 | Build | Town Center |
| 19:22 | Research | Wheelbarrow |
| 19:24 | Create | Villager (Male) |
| 19:32 | Build | House |
| 19:54 | Build | Town Center |
| 20:00 | Research | Loom |
| 20:02 | Research | Town Watch |
| 20:04 | Create | Villager (Male) ×5 |
| 20:06 | Create | Villager (Male) ×2 |
| 20:11 | Build | Farm |
| 20:13 | Build | Farm |
| 20:15 | Build | Farm |
| 20:19 | Build | Farm |
| 20:32 | Build | House |
| 20:35 | Build | House |
| 20:44 | Create | Villager (Male) ×4 |
| 21:00 | Build | Farm |
| 21:01 | Build | Farm |
| 21:03 | Build | Farm |
| 21:05 | Build | Farm |
| 21:14 | Build | Farm |
| 21:23 | Build | House |
| 21:25 | Build | House |
| 21:29 | Create | Villager (Male) ×5 |
| 22:01 | Build | Farm |
| 22:03 | Build | Farm |
| 22:05 | Build | Farm |
| 22:08 | Build | Farm |
| 22:09 | Build | Farm |
| 22:19 | Build | House |
| 22:38 | Create | Villager (Male) ×5 |
| 22:51 | Build | Lumber Camp |
| 23:16 | Build | Barracks |
| 23:21 | Create | Villager (Male) ×5 |
| 23:24 | Create | Villager (Male) ×5 |
| 23:44 | Build | Farm |
| 23:51 | Build | Farm |
| 24:01 | Build | House |
| 24:07 | Build | Stable |
| 24:10 | Build | Stable |
| 24:10 | Build | Stable |
| 24:10 | Build | Stable |
| 24:10 | Build | Stable |
| 24:11 | Build | Stable |
| 24:15 | Create | Spearman |
| 24:15 | Create | Spearman |
| 24:30 | Build | Stable |
| 24:42 | Build | Stable |
| 24:51 | Research | Pikeman (upgrade) |
| 25:05 | Build | Farm |
| 25:09 | Research | Hand Cart |
| 25:11 | Create | Villager (Male) ×5 |
| 25:26 | Build | Monastery |
| 25:28 | Create | Villager (Male) ×5 |
| 25:38 | Create | Villager (Male) ×5 |
| 25:46 | Research | Bow Saw |
| 25:50 | Research | Gold Shaft Mining |
| 25:53 | Create | Villager (Male) ×5 |
| 25:55 | Create | Villager (Male) |
| 26:04 | Build | House |
| 26:08 | Create | Spearman |
| 26:28 | Research | Scale Barding Armor |
| 26:29 | Create | Knight |
| 26:29 | Create | Knight |
| 26:39 | Build | Siege Workshop |
| 26:49 | Create | Knight |
| 26:56 | Build | Stable |
| 26:58 | Create | Knight ×5 |
| 27:10 | Create | Villager (Male) ×3 |
Build order — Frank
First 150 of 409 actions detected
| 0:02 | Build | House |
| 0:04 | Build | House |
| 0:05 | Build | House |
| 0:05 | Create | Villager (Male) |
| 0:06 | Create | Villager (Male) |
| 0:06 | Create | Villager (Male) |
| 0:35 | Create | Villager (Male) |
| 1:54 | Build | Lumber Camp |
| 1:57 | Create | Villager (Male) |
| 2:31 | Create | Villager (Male) |
| 2:31 | Create | Villager (Male) |
| 2:31 | Create | Villager (Male) |
| 3:14 | Create | Villager (Male) |
| 3:41 | Create | Villager (Male) |
| 4:19 | Create | Villager (Male) |
| 4:19 | Create | Villager (Male) |
| 4:19 | Create | Villager (Male) |
| 5:00 | Create | Villager (Male) |
| 5:00 | Create | Villager (Male) |
| 5:00 | Create | Villager (Male) |
| 5:46 | Create | Villager (Male) |
| 6:04 | Build | Mill |
| 6:09 | Create | Villager (Male) |
| 6:14 | Create | Villager (Male) |
| 6:14 | Create | Villager (Male) |
| 6:16 | Research | Loom |
| 7:17 | Create | Villager (Male) |
| 8:17 | Create | Villager (Male) |
| 8:20 | Research | Feudal Age |
| 8:31 | Build | House |
| 8:33 | Build | House |
| 8:35 | Build | House |
| 8:36 | Build | House |
| 8:38 | Build | House |
| 8:40 | Build | House |
| 8:42 | Build | House |
| 10:30 | Age | Feudal Age |
| 10:31 | Build | Mining Camp |
| 10:36 | Build | Mill |
| 10:40 | Create | Villager (Male) |
| 10:40 | Create | Villager (Male) |
| 10:40 | Create | Villager (Male) |
| 10:40 | Create | Villager (Male) |
| 10:45 | Research | Double-Bit Axe |
| 11:19 | Create | Villager (Male) |
| 12:06 | Build | Farm |
| 13:03 | Build | Stone Wall |
| 13:13 | Build | Stone Wall |
| 13:17 | Build | Stone Wall |
| 13:22 | Create | Villager (Male) |
| 13:23 | Create | Villager (Male) |
| 13:23 | Create | Villager (Male) |
| 14:00 | Build | Gate |
| 14:11 | Build | Farm |
| 14:21 | Build | Farm |
| 14:37 | Create | Villager (Male) |
| 14:38 | Create | Villager (Male) |
| 14:44 | Build | Market |
| 14:48 | Build | Blacksmith |
| 15:08 | Build | Mill |
| 16:11 | Create | Villager (Male) |
| 16:11 | Create | Villager (Male) |
| 16:11 | Create | Villager (Male) |
| 16:34 | Build | Mining Camp |
| 16:51 | Build | Farm |
| 16:54 | Research | Castle Age |
| 18:16 | Research | Gold Mining |
| 18:17 | Research | Stone Mining |
| 19:32 | Create | Villager (Male) |
| 19:32 | Create | Villager (Male) |
| 19:32 | Create | Villager (Male) |
| 20:06 | Age | Castle Age |
| 20:10 | Build | Town Center |
| 20:22 | Build | Mining Camp |
| 20:29 | Create | Villager (Male) |
| 20:29 | Create | Villager (Male) |
| 20:36 | Build | Farm |
| 20:40 | Build | Farm |
| 20:43 | Create | Villager (Male) |
| 20:44 | Create | Villager (Male) |
| 21:02 | Create | Villager (Male) |
| 21:33 | Create | Villager (Male) |
| 21:38 | Research | Scale Barding Armor |
| 21:45 | Build | Farm |
| 21:58 | Build | Town Center |
| 22:05 | Create | Villager (Male) |
| 22:06 | Create | Villager (Male) |
| 22:06 | Create | Villager (Male) |
| 22:06 | Create | Villager (Male) |
| 22:06 | Create | Villager (Male) |
| 22:07 | Create | Villager (Male) |
| 22:43 | Create | Villager (Male) |
| 22:45 | Create | Villager (Male) |
| 22:58 | Build | Farm |
| 23:02 | Build | Farm |
| 23:06 | Build | Farm |
| 23:09 | Build | Farm |
| 23:13 | Build | Farm |
| 23:18 | Build | Farm |
| 23:25 | Research | Bow Saw |
| 23:37 | Create | Villager (Male) |
| 23:37 | Create | Villager (Male) |
| 23:58 | Build | Mill |
| 24:07 | Create | Villager (Male) |
| 24:07 | Create | Villager (Male) |
| 24:36 | Create | Villager (Male) |
| 24:36 | Create | Villager (Male) |
| 24:36 | Create | Villager (Male) |
| 24:37 | Create | Villager (Male) |
| 24:44 | Build | Farm |
| 24:55 | Build | Farm |
| 25:01 | Create | Villager (Male) |
| 25:09 | Build | Farm |
| 25:22 | Build | Farm |
| 25:24 | Create | Villager (Male) |
| 25:24 | Create | Villager (Male) |
| 25:25 | Create | Villager (Male) |
| 25:25 | Create | Villager (Male) |
| 25:42 | Build | Barracks |
| 25:49 | Create | Villager (Male) |
| 25:49 | Create | Villager (Male) |
| 25:50 | Create | Villager (Male) |
| 25:50 | Create | Villager (Male) |
| 25:55 | Create | Villager (Male) |
| 26:05 | Build | Farm |
| 26:16 | Build | Farm |
| 26:19 | Build | Farm |
| 26:22 | Build | Farm |
| 26:23 | Create | Villager (Male) |
| 26:23 | Create | Villager (Male) |
| 26:37 | Build | Stable |
| 26:50 | Build | Castle |
| 26:58 | Research | Wheelbarrow |
| 26:59 | Create | Villager (Male) |
| 27:00 | Create | Villager (Male) |
| 27:01 | Create | Villager (Male) |
| 27:01 | Create | Villager (Male) |
| 27:17 | Build | House |
| 27:18 | Build | House |
| 27:19 | Build | House |
| 27:24 | Build | House |
| 27:26 | Build | House |
| 27:28 | Build | House |
| 27:29 | Build | House |
| 27:30 | Build | House |
| 27:38 | Research | Town Watch |
| 27:39 | Create | Villager (Male) |
| 28:10 | Create | Villager (Male) |
| 28:13 | Create | Villager (Male) |
| 28:13 | Create | Villager (Male) |
Build order — Tony Tormenta
First 150 of 404 actions detected
| 0:00 | Create | Villager (Male) |
| 0:01 | Create | Villager (Male) |
| 0:01 | Create | Villager (Male) |
| 0:07 | Build | House |
| 0:12 | Build | House |
| 1:02 | Create | Villager (Male) |
| 1:02 | Create | Villager (Male) |
| 1:23 | Create | Villager (Male) |
| 2:13 | Create | Villager (Male) |
| 2:13 | Create | Villager (Male) |
| 2:19 | Build | Lumber Camp |
| 2:37 | Create | Villager (Male) |
| 2:53 | Create | Villager (Male) |
| 3:12 | Create | Villager (Male) |
| 3:44 | Create | Villager (Male) |
| 4:07 | Create | Villager (Male) |
| 4:13 | Build | House |
| 4:22 | Build | Mill |
| 4:26 | Research | Loom |
| 4:35 | Build | House |
| 4:48 | Build | House |
| 4:59 | Create | Villager (Male) |
| 4:59 | Create | Villager (Male) |
| 5:00 | Create | Villager (Male) |
| 5:28 | Create | Villager (Male) |
| 5:28 | Create | Villager (Male) |
| 5:53 | Create | Villager (Male) |
| 5:53 | Create | Villager (Male) |
| 5:54 | Create | Villager (Male) |
| 6:37 | Build | Lumber Camp |
| 6:49 | Build | Palisade Gate |
| 6:54 | Build | Palisade Wall |
| 7:01 | Build | Mining Camp |
| 7:15 | Create | Villager (Male) |
| 8:06 | Build | Palisade Wall |
| 8:48 | Research | Feudal Age |
| 9:14 | Create | Villager (Male) |
| 9:29 | Build | House |
| 9:31 | Build | House |
| 9:34 | Build | House |
| 9:49 | Build | Farm |
| 10:28 | Build | Barracks |
| 10:58 | Age | Feudal Age |
| 11:00 | Build | Farm |
| 11:01 | Build | Farm |
| 11:03 | Build | Farm |
| 11:12 | Build | Farm |
| 11:48 | Create | Villager (Male) |
| 11:50 | Create | Villager (Male) |
| 12:12 | Build | Blacksmith |
| 12:41 | Build | Farm |
| 12:45 | Create | Villager (Male) |
| 13:13 | Build | Market |
| 13:30 | Build | Farm |
| 13:43 | Build | Farm |
| 14:10 | Research | Castle Age |
| 14:39 | Research | Double-Bit Axe |
| 14:52 | Create | Villager (Male) |
| 15:00 | Research | Horse Collar |
| 15:42 | Create | Spearman |
| 15:52 | Build | Archery Range |
| 16:12 | Build | Farm |
| 16:24 | Research | Gold Mining |
| 16:28 | Build | Mining Camp |
| 16:30 | Create | Villager (Male) |
| 16:48 | Research | Fletching |
| 16:50 | Age | Castle Age |
| 17:05 | Research | Heavy Plow |
| 17:15 | Create | Villager (Male) |
| 18:08 | Build | Town Center |
| 18:15 | Research | Wheelbarrow |
| 18:47 | Create | Cavalry Archer |
| 19:02 | Build | University |
| 19:10 | Create | Villager (Male) |
| 19:11 | Create | Villager (Male) |
| 19:28 | Build | Farm |
| 19:44 | Build | House |
| 19:45 | Build | House |
| 19:47 | Build | House |
| 20:05 | Create | Cavalry Archer |
| 20:25 | Build | Town Center |
| 20:47 | Research | Padded Archer Armor |
| 20:55 | Research | Squires |
| 20:58 | Research | Arson |
| 21:07 | Create | Villager (Male) |
| 21:07 | Create | Villager (Male) |
| 21:12 | Create | Villager (Male) |
| 21:13 | Create | Villager (Male) |
| 21:13 | Create | Villager (Male) |
| 21:22 | Build | Farm |
| 21:27 | Create | Villager (Male) |
| 21:27 | Create | Villager (Male) |
| 21:27 | Create | Villager (Male) |
| 21:57 | Build | Farm |
| 22:00 | Build | Farm |
| 22:06 | Create | Villager (Male) |
| 22:07 | Create | Villager (Male) |
| 22:08 | Create | Villager (Male) |
| 22:16 | Create | Villager (Male) |
| 22:20 | Build | Farm |
| 22:33 | Research | Stone Mining |
| 22:38 | Create | Cavalry Archer |
| 22:39 | Create | Cavalry Archer |
| 23:36 | Build | Stable |
| 23:42 | Create | Villager (Male) |
| 23:42 | Create | Villager (Male) |
| 23:44 | Create | Villager (Male) |
| 23:46 | Create | Villager (Male) |
| 23:48 | Create | Villager (Male) |
| 23:49 | Create | Villager (Male) |
| 23:49 | Create | Villager (Male) |
| 23:57 | Build | Farm |
| 23:59 | Build | Farm |
| 24:00 | Build | Farm |
| 24:26 | Research | Leather Archer Armor |
| 24:35 | Create | Villager (Male) |
| 24:44 | Build | Farm |
| 24:45 | Build | Farm |
| 25:18 | Create | Cavalry Archer |
| 25:19 | Create | Cavalry Archer |
| 25:22 | Research | Bloodlines |
| 25:26 | Create | Villager (Male) |
| 25:26 | Create | Villager (Male) |
| 25:26 | Create | Villager (Male) |
| 25:33 | Build | Farm |
| 25:34 | Build | Farm |
| 25:38 | Build | Farm |
| 25:40 | Build | Farm |
| 25:53 | Build | Castle |
| 26:15 | Build | Monastery |
| 26:29 | Build | Siege Workshop |
| 26:37 | Build | Farm |
| 26:39 | Build | Farm |
| 26:44 | Build | Farm |
| 26:59 | Build | House |
| 27:01 | Build | House |
| 27:03 | Build | House |
| 27:04 | Build | House |
| 27:05 | Build | House |
| 27:06 | Build | House |
| 27:07 | Build | House |
| 27:08 | Create | Villager (Male) |
| 27:08 | Create | Villager (Male) |
| 27:09 | Create | Villager (Male) |
| 27:37 | Build | Farm |
| 27:39 | Build | Farm |
| 27:41 | Build | Farm |
| 27:43 | Create | Villager (Male) |
| 27:44 | Create | Villager (Male) |
| 27:44 | Create | Villager (Male) |
Build order — KINGPOWER
First 150 of 568 actions detected
| 0:16 | Research | Loom |
| 0:17 | Create | Villager (Male) |
| 0:17 | Create | Villager (Male) |
| 0:17 | Create | Villager (Male) |
| 0:17 | Create | Villager (Male) |
| 0:18 | Create | Villager (Male) |
| 1:01 | Build | House |
| 1:53 | Build | House |
| 2:00 | Create | Villager (Male) |
| 2:27 | Build | House |
| 2:30 | Build | House |
| 2:36 | Create | Villager (Male) |
| 3:05 | Create | Villager (Male) |
| 3:27 | Create | Villager (Male) |
| 3:37 | Build | House |
| 3:40 | Build | House |
| 3:59 | Build | Palisade Wall |
| 4:19 | Build | Palisade Gate |
| 4:25 | Create | Villager (Male) |
| 4:26 | Create | Villager (Male) |
| 4:39 | Create | Villager (Male) |
| 6:15 | Build | Mill |
| 6:24 | Create | Villager (Male) |
| 6:25 | Create | Villager (Male) |
| 6:25 | Create | Villager (Male) |
| 6:25 | Create | Villager (Male) |
| 6:26 | Create | Villager (Male) |
| 7:10 | Create | Villager (Male) |
| 7:24 | Build | House |
| 7:34 | Create | Villager (Male) |
| 8:15 | Build | House |
| 8:17 | Build | House |
| 8:20 | Build | House |
| 8:37 | Create | Villager (Male) |
| 9:03 | Create | Villager (Male) |
| 9:49 | Build | Lumber Camp |
| 10:08 | Create | Villager (Male) |
| 10:10 | Create | Villager (Male) |
| 10:22 | Build | House |
| 10:28 | Build | House |
| 10:32 | Research | Feudal Age |
| 11:08 | Build | Farm |
| 11:20 | Build | Farm |
| 11:48 | Build | Mill |
| 12:08 | Build | Farm |
| 12:20 | Create | Villager (Male) |
| 12:20 | Create | Villager (Male) |
| 12:27 | Create | Villager (Male) |
| 12:27 | Create | Villager (Male) |
| 12:41 | Build | Farm |
| 12:49 | Build | Farm |
| 13:08 | Age | Feudal Age |
| 13:14 | Research | Double-Bit Axe |
| 13:17 | Research | Horse Collar |
| 13:44 | Build | Farm |
| 14:01 | Build | Farm |
| 14:21 | Create | Villager (Male) |
| 14:26 | Build | Farm |
| 14:37 | Create | Villager (Male) |
| 15:08 | Build | Market |
| 15:22 | Build | Mining Camp |
| 15:28 | Create | Villager (Male) |
| 15:48 | Create | Villager (Male) |
| 16:09 | Create | Villager (Male) |
| 16:22 | Research | Gold Mining |
| 16:23 | Research | Stone Mining |
| 16:37 | Build | Blacksmith |
| 16:42 | Build | Farm |
| 16:44 | Create | Villager (Male) |
| 16:58 | Build | Farm |
| 17:06 | Create | Villager (Male) |
| 17:26 | Build | Mining Camp |
| 17:32 | Create | Villager (Male) |
| 17:50 | Create | Villager (Male) |
| 18:05 | Build | Barracks |
| 18:20 | Research | Castle Age |
| 18:38 | Build | Farm |
| 18:45 | Build | Farm |
| 18:48 | Build | Farm |
| 18:51 | Build | Farm |
| 18:55 | Build | Farm |
| 19:13 | Build | Farm |
| 19:17 | Create | Villager (Male) |
| 19:17 | Create | Villager (Male) |
| 19:20 | Create | Villager (Male) |
| 19:22 | Research | Fletching |
| 19:23 | Research | Padded Archer Armor |
| 19:24 | Research | Scale Barding Armor |
| 19:51 | Build | Archery Range |
| 20:32 | Research | Forging |
| 21:00 | Build | Stable |
| 21:13 | Age | Castle Age |
| 21:19 | Research | Wheelbarrow |
| 21:47 | Build | University |
| 22:11 | Build | Town Center |
| 22:20 | Build | Farm |
| 22:43 | Build | Archery Range |
| 22:50 | Research | Husbandry |
| 24:26 | Build | Castle |
| 24:33 | Build | Siege Workshop |
| 24:38 | Create | Unit 1952 |
| 24:38 | Create | Unit 1952 |
| 25:00 | Build | Farm |
| 25:04 | Create | Villager (Male) |
| 25:04 | Create | Villager (Male) |
| 25:05 | Create | Villager (Male) |
| 25:07 | Create | Villager (Male) |
| 25:07 | Create | Villager (Male) |
| 25:07 | Create | Villager (Male) |
| 25:08 | Create | Villager (Male) |
| 25:08 | Create | Villager (Male) |
| 25:08 | Create | Villager (Male) |
| 25:09 | Create | Villager (Male) |
| 25:09 | Create | Villager (Male) |
| 25:12 | Research | Bodkin Arrow |
| 25:13 | Research | Leather Archer Armor |
| 25:22 | Create | Villager (Male) |
| 25:59 | Create | Unit 1952 |
| 25:59 | Create | Unit 1952 |
| 26:14 | Build | Farm |
| 26:22 | Create | Villager (Male) |
| 26:22 | Create | Villager (Male) |
| 26:22 | Create | Villager (Male) |
| 26:23 | Research | Town Watch |
| 26:27 | Research | Murder Holes |
| 26:28 | Research | Heated Shot |
| 26:34 | Create | Unit 1952 |
| 26:34 | Create | Unit 1952 |
| 26:56 | Build | Town Center |
| 27:20 | Build | Town Center |
| 27:23 | Create | Villager (Male) |
| 27:24 | Create | Villager (Male) |
| 27:24 | Create | Villager (Male) |
| 27:25 | Create | Villager (Male) |
| 27:29 | Build | Farm |
| 27:45 | Build | Farm |
| 27:49 | Create | Villager (Male) |
| 27:49 | Create | Villager (Male) |
| 27:49 | Create | Villager (Male) |
| 27:50 | Create | Villager (Male) |
| 28:00 | Create | Unit 1949 |
| 28:00 | Create | Unit 1949 |
| 28:00 | Create | Unit 1949 |
| 28:00 | Create | Unit 1949 |
| 28:01 | Create | Unit 1949 |
| 28:14 | Build | Archery Range |
| 28:20 | Research | Bloodlines |
| 28:32 | Build | Farm |
| 28:40 | Build | House |
| 28:42 | Build | House |
Match timeline
| 3:59 | KINGPOWER · wall_segment Palisade Wall x1 |
| 6:46 | Pato · wall_segment Palisade Wall x12 |
| 6:54 | Tony Tormenta · wall_segment Palisade Wall x7 |
| 8:06 | Tony Tormenta · wall_segment Palisade Wall x5 |
| 9:06 | M4PUCH3 · first_building Barracks |
| 9:34 | Pato · wall_segment Palisade Wall x13 |
| 9:39 | Pato · wall_segment Palisade Wall x7 |
| 9:43 | Pato · wall_segment Palisade Wall x10 |
| 9:53 | Pato · wall_segment Palisade Wall x13 |
| 10:28 | Tony Tormenta · first_building Barracks |
| 10:30 | Frank · age_up feudal |
| 10:58 | Tony Tormenta · age_up feudal |
| 11:25 | Chopipo · wall_segment Palisade Wall x15 |
| 11:27 | Pato · age_up feudal |
| 11:44 | Chopipo · age_up feudal |
| 11:55 | M3TAL JUNKI3xXx · age_up feudal |
| 11:55 | Arianna Ishikawa · age_up feudal |
| 12:12 | M4PUCH3 · age_up feudal |
| 12:21 | M3TAL JUNKI3xXx · wall_segment Stone Wall x13 |
| 12:25 | Pato · wall_segment Stone Wall x7 |
| 12:50 | Pato · first_building Stable |
| 13:03 | Frank · wall_segment Stone Wall x8 |
| 13:08 | KINGPOWER · age_up feudal |
| 13:13 | Frank · wall_segment Stone Wall x22 |
| 13:17 | Frank · wall_segment Stone Wall x9 |
| 13:42 | Pato · wall_segment Stone Wall x16 |
| 14:13 | M4PUCH3 · first_building Archery Range |
| 15:52 | Tony Tormenta · first_building Archery Range |
| 16:41 | Pato · wall_segment Stone Wall x8 |
| 16:43 | Pato · wall_segment Stone Wall x22 |
| 16:50 | Tony Tormenta · age_up castle |
| 18:05 | KINGPOWER · first_building Barracks |
| 18:33 | M3TAL JUNKI3xXx · first_building Barracks |
| 18:39 | Arianna Ishikawa · age_up castle |
| 19:07 | M3TAL JUNKI3xXx · first_market_buy 100 food |
| 19:49 | M4PUCH3 · first_market_sell 100 wood |
| 19:51 | KINGPOWER · first_building Archery Range |
| 20:06 | Frank · age_up castle |
| 20:12 | M4PUCH3 · age_up castle |
| 20:20 | Tony Tormenta · first_market_buy 100 wood |
| 20:27 | M4PUCH3 · first_market_buy 100 food |
| 20:57 | Pato · wall_segment Stone Wall x12 |
| 21:00 | KINGPOWER · first_building Stable |
| 21:13 | KINGPOWER · age_up castle |
| 21:30 | M3TAL JUNKI3xXx · wall_segment Stone Wall x10 |
| 21:42 | M3TAL JUNKI3xXx · wall_segment Stone Wall x15 |
| 21:53 | M3TAL JUNKI3xXx · wall_segment Stone Wall x12 |
| 21:55 | Chopipo · wall_segment Stone Wall x6 |
| 21:57 | KINGPOWER · first_market_buy 100 wood |
| 22:00 | Pato · wall_segment Stone Wall x3 |
| 22:01 | Chopipo · wall_segment Stone Wall x1 |
| 22:17 | M3TAL JUNKI3xXx · age_up castle |
| 22:34 | Chopipo · age_up castle |
| 22:34 | KINGPOWER · first_market_sell 100 food |
| 22:39 | Chopipo · first_building Castle |
| 23:16 | Arianna Ishikawa · first_building Barracks |
| 23:29 | Pato · wall_segment Stone Wall x12 |
| 23:31 | Chopipo · first_building Barracks |
| 23:36 | Tony Tormenta · first_building Stable |
| 23:52 | Pato · age_up castle |
| 24:07 | Arianna Ishikawa · first_building Stable |
| 24:26 | KINGPOWER · first_building Castle |
| 24:33 | KINGPOWER · first_building Siege Workshop |
| 25:26 | Arianna Ishikawa · first_building Monastery |
| 25:42 | Frank · first_building Barracks |
| 25:53 | Tony Tormenta · first_building Castle |
| 26:15 | Tony Tormenta · first_building Monastery |
| 26:29 | Tony Tormenta · first_building Siege Workshop |
| 26:37 | Frank · first_building Stable |
| 26:39 | Arianna Ishikawa · first_building Siege Workshop |
| 26:43 | M3TAL JUNKI3xXx · first_building Archery Range |
| 26:50 | Frank · first_building Castle |
| 27:20 | M3TAL JUNKI3xXx · first_building Castle |
| 27:26 | Pato · wall_segment Stone Wall x4 |
| 27:31 | Pato · wall_segment Stone Wall x17 |
| 27:37 | Arianna Ishikawa · first_market_sell 100 wood |
| 28:53 | M3TAL JUNKI3xXx · wall_segment Stone Wall x4 |
| 30:10 | Frank · first_building Siege Workshop |
| 32:12 | M4PUCH3 · first_building Castle |
| 32:26 | Chopipo · first_market_sell 500 wood |
| 32:37 | Pato · first_building Castle |
| 32:42 | M4PUCH3 · first_building Monastery |
| 33:28 | Pato · wall_segment Stone Wall x17 |
| 33:36 | Pato · wall_segment Stone Wall x17 |
| 35:21 | M3TAL JUNKI3xXx · first_building Siege Workshop |
| 35:30 | Arianna Ishikawa · first_building Castle |
| 35:54 | Arianna Ishikawa · first_building Archery Range |
| 35:56 | Chopipo · age_up imperial |
| 35:59 | KINGPOWER · first_building Monastery |
| 36:26 | M4PUCH3 · first_building Siege Workshop |
| 36:46 | M3TAL JUNKI3xXx · age_up imperial |
| 36:56 | Frank · age_up imperial |
| 37:08 | Chopipo · first_building Siege Workshop |
| 37:20 | Tony Tormenta · first_market_sell 100 food |
| 37:35 | M4PUCH3 · age_up imperial |
| 38:00 | Pato · wall_segment Stone Wall x3 |
| 38:05 | Pato · wall_segment Stone Wall x10 |
| 38:07 | Pato · wall_segment Stone Wall x4 |
| 38:20 | Arianna Ishikawa · age_up imperial |
| 39:29 | Pato · wall_segment Stone Wall x15 |
| 39:54 | Pato · age_up imperial |
| 40:29 | M4PUCH3 · first_building Stable |
| 40:38 | Tony Tormenta · age_up imperial |
| 41:44 | Arianna Ishikawa · first_market_buy 100 food |
| 41:45 | KINGPOWER · age_up imperial |
| 44:01 | M3TAL JUNKI3xXx · first_market_sell 100 food |
| 46:39 | Pato · wall_segment Stone Wall x3 |
| 48:17 | M3TAL JUNKI3xXx · resign |
| 49:24 | Pato · wall_segment Stone Wall x7 |
| 54:05 | Pato · wall_segment Stone Wall x17 |
| 54:07 | Pato · wall_segment Stone Wall x5 |
| 54:11 | Pato · wall_segment Stone Wall x8 |
| 54:14 | Pato · wall_segment Stone Wall x13 |
| 56:04 | Pato · wall_segment Stone Wall x3 |
| 56:36 | Pato · first_building Monastery |
[ AI ANALYSIS · 1 CREDIT ]
What really happened in this match?
Wolo.gg analyzes every decision: build order, eco, micro, common mistakes by bracket. Personalized analysis on WhatsApp or Discord in 30 seconds.
Civ guide
Saracens
Perfil
Jugador #1864434